 Dungeon Crawl Stone Soup version 0.30-a0-377-g5cb311bc9f (webtiles) character file.

Game seed: 1035800485744683451

16 qeuew the Shield-Bearer (level 2, -5/24 HPs)
             Began as a Formicid Fighter on Nov 29, 2022.
             Slain by Terence
             ... wielding a +2 vorpal hand axe
              (7 damage)
             ... on level 2 of the Dungeon.
             The game lasted 00:00:51 (601 turns).

qeuew the Shield-Bearer (Formicid Fighter)           Turns: 601, Time: 00:00:52

Health: -5/24      AC:  6    Str: 17 (20) XL:     2   Next: 70%
Magic:  2/2        EV:  9    Int:  6 (7)  God:
Gold:   43         SH:  5    Dex: 12 (13) Spells: 1/1 levels left

rFire   . . .      SeeInvis +    a - +0 war axe
rCold   . . .      Faith    .    c - +0 buckler
rNeg    . . .      Spirit   .    b - +0 scale mail
rPois   .          Reflect  .    (helmet unavailable)
rElec   .          Harm     .    (no cloak)
rCorr   .          Rampage  .    (no gloves)
Will    .....                    (no boots)
Stlth   ..........               (no amulet)
HPRegen 0.24/turn                (no ring)
MPRegen 0.08/turn                (no ring)

@: mighty
A: permanent stasis, dig shafts and tunnels, antennae 3, four strong arms
a: Dig, Shaft Self


You were on level 2 of the Dungeon.
You visited 1 branch of the dungeon, and saw 2 of its levels.

You collected 43 gold pieces.

Inventory:

Hand Weapons
 a - a +0 war axe (weapon)
Armour
 b - a +0 scale mail (worn)
 c - a +0 buckler (worn)
Potions
 e - a potion of curing {unknown}


   Skills:
 + Level 3.5 Fighting
 + Level 2.2 Axes
 + Level 3.4 Armour
 + Level 0.5 Dodging
 + Level 4.2 Shields


You had one spell level left.
You didn't know any spells.
Your spell library was empty.

Dungeon Overview and Level Annotations

Branches:
Dungeon (2/15)

Altars:

Annotations:
D:2 Terence


Innate Abilities, Weirdness & Mutations

You cannot be hasted, slowed, berserked, paralysed or teleported.
You can dig through walls and to a lower floor.
You have a pair of large antennae on your head. (SInv)
Your four strong arms can wield two-handed weapons with a shield.


Message History

You see here a +0 robe.
There is an escape hatch in the ceiling here.
You see here a +0 robe.
You feel less attractive to monsters.
e - a sedimented orange potion You feel your willpower return.
Found a dagger.
You see here a +0 dagger.
Terence the Incautious comes into view.
He is wielding a +2 vorpal hand axe, wearing a +2 scale mail of willpower and carrying a wand of quicksilver (13).
Terence shouts!
Terence drinks a potion.
Terence flickers and vanishes for a moment.
Terence says, "Time to say good-bye..."
Terence zaps a wand.
The bolt of dispelling energy hits you!
Ouch! That really hurt!
You are too injured to fight recklessly!
You are too injured to fight recklessly!
You are too injured to fight recklessly!
You are too injured to fight recklessly!
You are too injured to fight recklessly!
You are too injured to fight recklessly!
You are too injured to fight recklessly!
You are too injured to fight recklessly!
You are too injured to fight recklessly!
You are too injured to fight recklessly!
You are too injured to fight recklessly!
You are too injured to fight recklessly!
You are too injured to fight recklessly!
You are too injured to fight recklessly!
You are too injured to fight recklessly!
You are too injured to fight recklessly!
Unknown command.
Terence zaps a wand.
The bolt of dispelling energy misses you.
Terence hits you with a +2 vorpal hand axe!
* * * LOW HITPOINT WARNING * * *
x2 You barely miss Terence.
You block Terence's attack. x2
You feel very mighty all of a sudden.
Terence hits you with a +2 vorpal hand axe!
You die...

#.# #.#
#.# #.#
#.# #.#
#.#
#######.#
#.@@....#
#.#######
#


You could see Terence (invisible).

Vanquished Creatures
  4 ball pythons (D:1)
  2 endoplasms (D:1)
  2 goblins (D:1)
  A hobgoblin (D:2)
  A quokka (D:1)
  A bat (D:1)
  4 kobolds (D:1)
  A rat (D:1)
16 creatures vanquished.

Notes
Turn   | Place    | Note
-------+----------+-------------------------------------------
     0 | D:1      | qeuew the Formicid Fighter began the quest for the Orb.
     0 | D:1      | Reached XP level 1. HP: 18/18 MP: 1/1
   174 | D:1      | Reached XP level 2. HP: 24/24 MP: 2/2
   595 | D:2      | Noticed Terence
   599 | D:2      | HP: 1/24 [Terence/+2 vorpal hand axe (2)]
   601 | D:2      | Slain by Terence

Illustrated notes

Levels and vault maps discovered:
D:1:      mushboom_english_gardens, layout_basic, chequers_serial_rivers_micro_a
D:2:      layout_loops_ring, uniq_terence

Action                   || total
-------------------------++-------
Melee: War axe           ||    37
  Use: Potion            ||     5
       Scroll            ||     2
Armor: Scale mail        ||    15
Dodge: Dodged            ||    20
Block: Buckler           ||    12

Table legend: (Time is in decaauts)
 A = Elapsed time spent in this place.
 B = Non-inter-level travel time spent in this place.
 C = Inter-level travel time spent in this place.
 D = Time resting spent in this place.
 E = Time spent auto-exploring this place.
 F = Levels seen in this place.
 G = Mean time per level.
                   A        B        C        D        E       F      G
               +--------+--------+--------+--------+--------+-----+--------+
         Total |    616 |    616 |      0 |      0 |    486 |   2 |  308.0 |
       Dungeon |    616 |    616 |      0 |      0 |    486 |   2 |  308.0 |
               +--------+--------+--------+--------+--------+-----+--------+

Top non-repeatable levels by time:
     D:1: 536 daAuts
     D:2: 80 daAuts
